 Dungeon Crawl Stone Soup version 0.27.1-34-g3ba077fa99 (webtiles) character file.

Game seed: 13536042901060176650

2 comborobin the Sneak (level 1, -2/19 HPs)
             Began as a Hill Orc Delver on Jan 6, 2022.
             Slain by an adder (4 damage)
             ... on level 3 of the Dungeon.
             The game lasted 00:00:53 (212 turns).

comborobin the Sneak (Hill Orc Delver)               Turns: 212, Time: 00:00:54

Health: -2/19      AC:  3    Str: 14    XL:     1   Next: 30%
Magic:  1/1        EV: 11    Int: 10    God:
Gold:   15         SH:  0    Dex: 12    Spells: 0/0 levels left

rFire    . . .     SeeInvis .   d - +0 war axe
rCold    . . .     Faith    .   (no shield)
rNeg     . . .     Spirit   .   b - +0 leather armour
rPois    .         Reflect  .   (no helmet)
rElec    .         Harm     .   (no cloak)
rCorr    .         Rampage  .   (no gloves)
Will     .....                  (no boots)
Stlth    ++........             (no amulet)
HPRegen  0.06/turn              (no ring)
MPRegen  0.07/turn              (no ring)

@: lethally poisoned (-2 -> -6)
A: no striking features
a: no special abilities


You were on level 3 of the Dungeon.
You visited 1 branch of the dungeon, and saw 4 of its levels.

You collected 15 gold pieces.

Inventory:

Hand Weapons
 a - a +0 hand axe
 d - a +0 war axe (weapon)
Armour
 b - a +0 leather armour (worn)
Wands
 g - a wand of digging (3)
Scrolls
 c - a scroll of fog
 e - a scroll of fear


   Skills:
 - Level 3.6 Fighting
 + Level 3.0 Axes
 - Level 1.5 Dodging
 - Level 4.1 Stealth


You couldn't memorise any spells.
You didn't know any spells.
Your spell library contained the following spells:

 Spells                   Type           Power      Damage    Failure   Level
 Ensorcelled Hibernation  Hex/Ice        0%         N/A       58%         2
 Spider Form              Tmut/Pois      0%         N/A       82%         3
 Shadow Creatures         Summ           N/A        N/A       100%        6


Dungeon Overview and Level Annotations

Branches:
Dungeon (6/15)
 Temple: D:4-7

Altars:


Message History

The bat is severely wounded.
The bat closely misses you. x2
You slash the bat!
You kill the bat!
Your Axes skill increases to level 3!
No target in view!
No target in view!
You see here a bat corpse.
Unknown command.
You hear the slow rusting of a very distant drain.
HP restored.
Found a book of Dreams.
Found a stone staircase leading up.
You pick up a book of Dreams and begin reading...
You add the spells Ensorcelled Hibernation, Spider Form and Shadow Creatures to your library.
An orc comes into view. It is wielding a +0 mace.
The orc shouts!
An orc is nearby!
An adder comes into view.
The adder moves out of view.
An iguana comes into view.
The iguana hisses angrily.
The iguana bites you.
You hit the iguana but do no damage. You hit the orc but do no damage.
The iguana bites you. The orc misses you. The iguana misses you.
Unknown command.
You aren't carrying any potions.
You closely miss the iguana. You hit the adder. You hit the orc.
The orc hits you with a +0 mace. The adder bites you.
* * * LOW HITPOINT WARNING * * *
You are lethally poisoned!
The adder poisons you!
The iguana bites you but does no damage.
You closely miss the adder.
The adder is heavily wounded.
You hit the iguana. You hit the orc.
You kill the orc!
* * * LOW HITPOINT WARNING * * *
You feel sick. The adder bites you.
You die...

.........# #...#.#
###.#...# ###.#†#
##+#..##### #...#
#.........# #.###
#....####.# #.# #.
#.....#...# ####.######)
#.....#...# #.........#.
#.....#...# #.##.####.#.
#......@l.# # #.#....#.
.........)S........+......
####........#...##.#.[..#.
#.####.### #....####.##
... ... .........' ###.
...# ........## ...#
########## ....# # #


You could see an iguana and an adder.

Vanquished Creatures
  An orc (D:3)
  An endoplasm (D:3)
  A bat (D:3)
3 creatures vanquished.

Vanquished Creatures (others)
  A plant (D:4)
1 creature vanquished.

Grand Total: 4 creatures vanquished

Notes
Turn   | Place    | Note
-------+----------+-------------------------------------------
     0 | D:5      | comborobin the Hill Orc Delver began the quest for the Orb.
     0 | D:5      | Reached XP level 1. HP: 19/19 MP: 1/1
     1 | D:6      | Noticed a yak
     1 | D:6      | Noticed a yak
     1 | D:6      | Noticed a hound
    51 | D:5      | Noticed an iguana
    94 | D:5      | Noticed a sky beast
   101 | D:4      | Noticed an orc priest
   208 | D:3      | Noticed an iguana
   212 | D:3      | Slain by an adder

Illustrated notes

Levels and vault maps discovered:
D:3:      layout_basic, lightli_sewer_entry_pipes
D:4:      layout_basic, grunt_gozag_statues, zin_scriptorium,
          nicolae_ossuary_entry_false_entrances, serial_bayou,
          serial_bayou_shore_a, serial_bayou_crossing, serial_bayou_shore_b,
          serial_bayou_lagoon_a, minmay_cut_off
D:5:      layout_basic, doesnt_xom_only_xom, serial_undead, serial_undead_a,
          serial_undead_c, serial_undead_e, serial_undead_b, serial_undead_a,
          serial_undead_b, hangedman_decor_slide_cut, uniq_grinder,
          uniq_blork_the_orc
D:6:      layout_rooms, vehumet_statue, minmay_temple_entry_mist, uniq_edmund

Skill      XL: |  1 |
---------------+----+-----
Axes           | 3 |  3.0
Fighting       | |  3.6
Dodging        | |  1.5
Stealth        | |  4.1

Action                   || total
-------------------------++-------
Melee: War axe           ||     9
  Use: Scroll            ||     1
       Potion            ||     1
 Stab: Sleeping          ||     1
Armor: Leather armour    ||     6
Dodge: Dodged            ||    17
